 Dungeon Crawl Stone Soup version 0.13-a0-2643-gffe6e9f (console) character file.

273 5ubbak the Vexing (level 4, -1/30 HPs)
             Began as a Vampire Enchanter on Aug 8, 2013.
             Slain by Grinder (2 damage)
             ... while paralysed by Grinder
             ... on Level 3 of the Dungeon.
             The game lasted 00:10:18 (2941 turns).

5ubbak the Vexing (Vampire Enchanter)               Turns: 2941, Time: 00:10:18

HP  -1/30        AC  2     Str  8      XL: 4   Next: 48%
MP   1/8         EV  2     Int 17      God:
Gold 172         SH  0     Dex 14      Spells:  3 memorised,  0 levels left

Res.Fire  : . . .   See Invis. : +   a - +1 dagger {=f}
Res.Cold  : . . .   Warding    : .   l - +0 elf robe (curse)
Life Prot.: . . .   Conserve   : .   (no shield)
Res.Poison: .       Res.Corr.  : .   (no helmet)
Res.Elec. : .       Clarity    : .   (no cloak)
Sust.Abil.: . .     Spirit.Shd : .   (no gloves)
Res.Mut.  : .       Stasis     : .   (no boots)
Res.Rott. : .       Flight     : .   (no amulet)
Saprovore : . . .                    (no ring)
                                     (no ring)

@: paralysed, regenerating quickly, slightly resistant to hostile enchantments,
quite stealthy
A: fangs 3, see invisible, unbreathing
a: no special abilities


You were on level 3 of the Dungeon.
You were very full.

You visited 1 branch of the dungeon, and saw 3 of its levels.

You collected 152 gold pieces.

Inventory:

Hand weapons
 a - a +1,+1 dagger (weapon) {=f}
Missiles
 d - 12 darts (quivered)
Armour
 b - a +1 robe
 l - a cursed +0 elven robe (worn)
 r - a +0 orcish ring mail of fire resistance
Scrolls
 g - 2 scrolls of teleportation {unknown}
 h - a scroll of fear {unknown}
 i - a scroll of blinking {unknown}
 j - a scroll of curse armour {unknown}
 k - 2 scrolls of remove curse {unknown}
 m - a scroll of recharging {unknown}
 o - a scroll of amnesia {unknown}
 p - a scroll of enchant weapon II {unknown}
Jewellery
 n - an uncursed ring of fire
Potions
 f - 2 potions of blood
 q - a potion of restore abilities {unknown}
Books
 c - a book of Maledictions

   Spells                             Type                      Level
   *Corona                            Hexes                        1
   Sure Blade                         Hexes/Charms                 2
   *Ensorcelled Hibernation           Hexes/Ice                    2
   *Confuse                           Hexes                        3
   Enslavement                        Hexes                        4
   Invisibility                       Hexes                        6


   Skills:
 + Level 0.1 Fighting
 + Level 1.5 Short Blades
 - Level 0.7 Throwing
 + Level 2.7 Dodging
 * Level 4.7 Stealth
 * Level 1.7 Spellcasting
 + Level 5.1 Hexes
 + Level 1.3 Ice Magic


You couldn't memorise any spells.
You knew the following spells:

 Your Spells              Type           Power        Failure   Level  Hunger
a - Corona                Hex            ###....      2%          1    #......
b - Ensorcelled Hibernat  Hex/Ice        ##....       10%         2    ###....
c - Confuse               Hex            ###.....     10%         3    ####...


Dungeon Overview and Level Annotations

Branches:
Dungeon (3/27)

Altars:
Cheibriados
Xom
Yredelemnul

Annotations
D:3 Grinder


Innate Abilities, Weirdness & Mutations

Your natural rate of healing is unusually fast.
You have razor-sharp teeth.*
You have supernaturally acute eyesight.
You can survive without breathing.*


Message History

You hit Grinder. Your bite misses Grinder.
Grinder is lightly wounded.
You hit Grinder.
Grinder is moderately wounded.
Grinder barely misses you.
You hit Grinder.
Grinder is moderately wounded.
Grinder hits you.
You writhe in agony.
You hit Grinder. You bite Grinder.
Grinder is heavily wounded.
Grinder seems less confused.
Grinder gestures at you.
You suddenly lose the ability to move!
Grinder hits you.
You writhe in agony.
Grinder hits you.
* * * LOW HITPOINT WARNING * * *
You writhe in agony.
* * * LOW HITPOINT WARNING * * *
Grinder hits you.
You die...

. ..# ###. ###.# ...
....#####.####
##....##.......#
##@###.##.......#
#5#...#.#.......#
#.#.>.#.........#
#.#...#....%.%..# #
##.###..#.......#..
##...#.#..........
####...###.####.#
#......#.# .#
#########..[###.####.


You could see Grinder.

Vanquished Creatures
  3 adders
  A worm (D:2)
  An ooze (D:3)
  5 giant cockroaches
  7 hobgoblins
  11 jackals
  5 kobolds
  A quokka (D:2)
  6 bats
  3 giant geckos
  4 giant newts
  4 goblins
  6 rats
57 creatures vanquished.

Notes
Turn   | Place    | Note
--------------------------------------------------------------
     0 | D:1      | 5ubbak, the Vampire Enchanter, began the quest for the Orb.
     0 | D:1      | Reached XP level 1. HP: 13/13 MP: 4/4
   408 | D:1      | Reached XP level 2. HP: 11/19 MP: 3/5
   453 | D:1      | Learned a level 2 spell: Ensorcelled Hibernation
   474 | D:1      | Reached skill level 5 in Hexes
  1071 | D:2      | Reached XP level 3. HP: 18/24 MP: 1/7
  1230 | D:2      | Reached skill level 1 in Ice Magic
  1675 | D:2      | Found a shimmering altar of Xom.
  1850 | D:2      | Found a snail-covered altar of Cheibriados.
  2004 | D:2      | Reached XP level 4. HP: 30/30 MP: 8/8
  2240 | D:3      | Found a basalt altar of Yredelemnul.
  2505 | D:3      | Learned a level 3 spell: Confuse
  2507 | D:3      | Noticed Grinder
  2518 | D:3      | Paralysed by Grinder for 6 turns
  2930 | D:3      | Paralysed by Grinder for 2 turns
  2938 | D:3      | Paralysed by Grinder for 6 turns
  2940 | D:3      | HP: 1/30 [Grinder (6)]
  2941 | D:3      | Slain by Grinder

Action                   |  1- 3 |  4- 6 || total
-------------------------+-------+-------++-------
Melee: Dagger            |   110 |    86 ||   196
 Cast: Corona            |     6 |       ||     6
       Ensorcelled Hiber |    16 |    10 ||    26
       Confuse           |       |     3 ||     3
  Use: Potion            |     1 |       ||     1
 Stab: Sleeping          |    15 |     9 ||    24
